 Dungeon Crawl Stone Soup version 0.14-a0-1474-g1105da3 (webtiles) character file.

149 Khlestharos the Grave Robber (level 3, 0/21 HPs)
             Began as an Octopode Necromancer on Dec 15, 2013.
             Slain by July's ghost (5 damage)
             ... on Level 3 of the Dungeon.
             The game lasted 00:12:53 (915 turns).

Khlestharos the Grave Robber (Octopode Necromancer)  Turns: 915, Time: 00:12:53

HP   0/21        AC  1     Str  7      XL: 3   Next: 79%
MP   5/6         EV 12     Int 18      God:
Gold 99          SH  0     Dex 12      Spells:  1 memorised,  5 levels left

rFire  . . .     SeeInvis .     d - +1,+3 hand axe (chop)
rCold  . . .     Clarity  .     (no shield)
rNeg   . . .     Conserve .     (helmet restricted)
rPois  .         rCorr    .     (no amulet)
rElec  .         rRot     .     (no ring)
SustAb . .       Spirit   .     (no ring)
rMut   .         Warding  .     (no ring)
Saprov . . .     Stasis   .     (no ring)
                                (no ring)
                                (no ring)
                                (no ring)
                                (no ring)

@: not resistant to hostile enchantments, quite stealthy
A: almost no armour, amphibious, 8 rings, constrict 8, camouflage 1, gelatinous
body 1
a: no special abilities


You were on level 3 of the Dungeon.
You were not hungry.

You visited 1 branch of the dungeon, and saw 3 of its levels.

You collected 99 gold pieces.

Inventory:

Hand weapons
 d - a +1,+3 hand axe of chopping (weapon)
 j - a cursed +0,+0 short sword
Missiles
 o - 4 tomahawks (quivered)
Comestibles
 c - a bread ration
 n - a choko
 q - a slice of pizza
 t - a meat ration
Scrolls
 a - a scroll of magic mapping {unknown}
 e - a scroll of teleportation {unknown}
 g - a scroll of curse armour {unknown}
 h - a scroll of immolation {unknown}
 i - 4 scrolls of fog {unknown}
 k - 2 scrolls of enchant weapon II
 l - 2 scrolls of enchant armour {unknown}
 p - a scroll of identify {unknown}
 s - a scroll of random uselessness {unknown}
Potions
 m - 2 potions of curing {unknown}
 r - a potion of poison {unknown}
 u - a potion of speed {unknown}
 v - a potion of degeneration {unknown}
Books
 b - a book of Necromancy

   Spells                             Type                      Level
   *Pain                              Necromancy                   1
   Animate Skeleton                   Necromancy                   1
   Lethal Infusion                    Charms/Necromancy            2
   Vampiric Draining                  Necromancy                   3
   Regeneration                       Charms/Necromancy            3
   Animate Dead                       Necromancy                   4
   Control Undead                     Necromancy                   4


   Skills:
 + Level 0.2 Axes
 + Level 2.6 Dodging
 + Level 2.9 Stealth
 + Level 2.3 Spellcasting
 + Level 4.6 Necromancy


You had 5 spell levels left.
You knew the following spells:

 Your Spells              Type           Power        Failure   Level  Hunger
a - Pain                  Necr           ###.         2%          1    #......


Dungeon Overview and Level Annotations

Branches:
Dungeon (3/16)

Altars:

Annotations:
D:3 July's ghost, weakling SpEn


Innate Abilities, Weirdness & Mutations

You cannot wear most types of armour.
You are amphibious.
You can wear up to eight rings at the same time.
You can use your tentacles to constrict many enemies at once.
Your skin changes colour to match your surroundings (Stlth).
Your rubbery body absorbs attacks (AC +1).


Message History

July's ghost is moderately damaged.
July's ghost barely misses you. July's ghost hits you.
You miss July's ghost. Your squeeze misses July's ghost.
July's ghost is moderately damaged.
July's ghost shouts, "You will never get the ORB!"
July's ghost misses you.
You miss July's ghost.
July's ghost is moderately damaged.
July's ghost hits you.
* * * LOW HITPOINT WARNING * * *
July's ghost closely misses you.
You miss July's ghost.
July's ghost is moderately damaged.
July's ghost hits you but does no damage.
July's ghost points at you and mumbles some strange words.
You resist.
Drink which item? (? for menu, Esc to quit)
You feel refreshed.
It was a potion of restore abilities.
July's ghost hits you.
You die...

######.#.## #.#.#
#.#.# #.#.# #.#.#
#.#.# .##
#######.#.####....
.................###
#######...@p.......
###.######### #.#
.................
#######.####### #.#
... #.# #.#


You could see July's ghost.

Vanquished Creatures
  2 adders (D:2)
  4 giant cockroaches
  2 hobgoblins (D:1)
  2 jackals (D:2)
  5 bats
  A giant newt (D:1)
  5 goblins
  4 kobolds
  10 rats
35 creatures vanquished.

Notes
Turn   | Place    | Note
--------------------------------------------------------------
     0 | D:1      | Khlestharos, the Octopode Necromancer, began the quest for the Orb.
     0 | D:1      | Reached XP level 1. HP: 11/11 MP: 3/3
   187 | D:1      | Reached XP level 2. HP: 12/17 MP: 2/4
   584 | D:2      | Reached XP level 3. HP: 17/21 MP: 3/6
   906 | D:3      | Noticed July's ghost (weakling SpEn)
   915 | D:3      | Slain by July's ghost

Action                   || total
-------------------------++-------
Melee: Unarmed           ||    10
       Hand axe          ||    34
Throw: Tomahawk          ||     3
 Cast: Pain              ||    24
  Use: Scroll            ||     1
       Potion            ||     1
 Stab: Sleeping          ||     1
